AoeStats
← Ken

Arena

506617978Analyzed
1v1 RM · 17d ago on Sep 14, 2026· 74m 36s· 2 players
Game mode
Random Map
Map size
Tiny (2 player)
Population
200
Speed
Normal
Resources
Standard
Victory
Conquest
Starting age
Dark Age
Ending age
Imperial Age
RankedLock teamsTeams togetherTeam positionsShared explorationLock speedFull tech treeHidden civsTurbo modeCheats
Victory
Defeat
🇨🇳 Franks · China
978
+15
🇧🇷 Persians · Brazil
958
-15
nu1z8q1o
10:09 Feudal Age
10:41 Double-Bit Axe
15:55 Castle Age
14:14 Horse Collar
24:36 Town Watch
28:39 Imperial Age
26:39 Bow Saw
26:47 Heavy Plow
28:05 Loom
28:45 Scale Barding Armor
28:14 Pikeman
29:45 Town Patrol
31:23 Halberdier
32:04 Squires
32:21 Gold Mining
33:09 Wheelbarrow
32:41 Kamandaran
35:02 Chemistry
34:51 Crossbowman
36:07 Fletching
36:20 Scale Mail Armor
39:17 Conscription
39:39 Masonry
39:51 Hand Cart
43:30 Two-Man Saw
43:47 Bodkin Arrow
43:28 Cavalier
44:59 Padded Archer Armor
46:47 Chain Barding Armor
46:39 Forging
45:53 Savar
46:37 Husbandry
47:04 Bloodlines
48:57 Plate Barding Armor
49:45 Thumb Ring
58:07 Light Cavalry
63:53 Heavy Camel Rider
65:55 Chain Mail Armor
72:49 Plate Mail Armor
74:40 Iron Casting
Ken
11:12 Feudal Age
15:38 Castle Age
13:49 Double-Bit Axe
16:48 Bow Saw
18:49 Loom
23:23 Husbandry
25:56 Wheelbarrow
25:55 Pikeman
27:33 Gold Mining
29:23 Hand Cart
32:24 Imperial Age
30:03 Squires
29:27 Pikeman
30:36 Scale Mail Armor
30:37 Padded Archer Armor
30:54 Arson
31:21 Forging
31:19 Scale Barding Armor
31:05 Fletching
32:16 Chain Mail Armor
34:04 Conscription
34:42 Iron Casting
34:47 Ballistics
37:39 Chemistry
36:34 Murder Holes
37:23 Gold Shaft Mining
38:08 Chivalry
38:20 Cavalier
40:12 Plate Mail Armor
40:45 Blast Furnace
39:41 Bodkin Arrow
40:11 Elite Throwing Axeman
43:13 Chain Barding Armor
43:54 #83
44:20 Masonry
44:14 Light Cavalry
48:42 Elite Skirmisher
50:01 Capped Ram
50:20 Halberdier
51:28 Leather Archer Armor
60:46 Paladin
62:20 Plate Barding Armor
Connection lost

Rejoining the realm…

Still unreachable

The connection could not be restored.

Session expired

The server has moved on; the page needs a fresh start.